 Dungeon Crawl Stone Soup version 0.29.1-2-gbd0b4ee654 (webtiles) character file.

Game seed: 18117426436212128913

9 nshep25 the Twirler (level 2, -1/22 HPs)
             Began as a Demonspawn Gladiator on Nov 3, 2022.
             Hit by a stone thrown by a kobold (2 damage)
             ... on level 1 of the Dungeon.
             The game lasted 00:00:33 (103 turns).

nshep25 the Twirler (Demonspawn Gladiator)           Turns: 103, Time: 00:00:34

Health: -1/22      AC:  4    Str: 14    XL:     2   Next: 6%
Magic:  2/2        EV: 12    Int:  9    God:
Gold:   13         SH:  0    Dex: 14    Spells: 1/1 levels left

rFire   . . .      SeeInvis .   a - +0 quarterstaff
rCold   . . .      Faith    .   (shield currently unavailable)
rNeg    . . .      Spirit   .   b - +0 leather armour
rPois   .          Reflect  .   c - +0 helmet
rElec   .          Harm     .   (no cloak)
rCorr   .          Rampage  .   (no gloves)
Will    .....                   (no boots)
Stlth   +.........              (no amulet)
HPRegen 0.07/turn               (no ring)
MPRegen 0.08/turn               (no ring)

@: no status effects
A: claws 1
a: no special abilities


You were on level 1 of the Dungeon.
You visited 1 branch of the dungeon, and saw 1 of its levels.

You collected 13 gold pieces.

Inventory:

Hand Weapons
 a - a +0 quarterstaff (weapon)
Missiles
 d - 3 throwing nets (quivered)
 e - a javelin
Armour
 b - a +0 leather armour (worn)
 c - a +0 helmet (worn)
Scrolls
 f - a scroll of vulnerability {unknown}
 g - a scroll of teleportation {unknown}


   Skills:
 + Level 2.1 Fighting
 + Level 2.9 Staves
 + Level 1.9 Throwing
 + Level 2.8 Dodging


You had one spell level left.
You didn't know any spells.
Your spell library was empty.

Dungeon Overview and Level Annotations

Branches:
Dungeon (1/15)

Altars:


Innate Abilities, Weirdness & Mutations

You have sharp fingernails.


Message History

The ball python barely misses you. The ball python constricts you.
The kobold hits you with a +4 short sword of freezing.
The kobold freezes you.
You closely miss the kobold.
The ball python bites you but does no damage.
The ball python constricts you.
The kobold hits you with a +4 short sword of freezing.
The kobold freezes you.
The ball python hisses angrily.
The kobold shouts!
You hit the kobold.
The kobold is moderately wounded.
The ball python closely misses you. The ball python constricts you.
The ball python bites you but does no damage.
The ball python constricts you. The rat barely misses you.
The kobold closely misses you.
You sock the kobold!
You kill the kobold!
The ball python bites you.
* * * LOW HITPOINT WARNING * * *
The ball python constricts you.
* * * LOW HITPOINT WARNING * * *
The rat bites you but does no damage.
The kobold throws a stone.
The stone hits you.
* * * LOW HITPOINT WARNING * * *
You escape the ball python's grasp.
The rat attacks as you move away! The rat barely misses you.
You thump the ball python!
You kill the ball python!
The rat closely misses you.
You have reached level 2!
Your demonic ancestry asserts itself...
Your fingernails lengthen.
You sock the ball python!
You kill the ball python!
The kobold throws a stone.
The stone hits you but does no damage. The rat misses you.
You hit the rat.
You kill the rat!
The kobold throws a stone.
The stone hits you.
You die...

......)........# ...
#.............#..#
###.............#..###
.#..$...#?.#.##?.......
........#K##.#.......# .
........)....#.......##.
......†††...)...........
.#....#.#=........#.....
...(. #@###..#.†........
.#.# #.# #.............
# #####.###........#
............##.#
###.###.##.....# ###
##.######...... #..
#....####....[.
##.#######
#..............
..........
#.....###.#####


You could see a kobold.

Vanquished Creatures
  A giant cockroach (D:1)
  2 goblins (D:1)
  A hobgoblin (D:1)
  3 ball pythons (D:1)
  A kobold (D:1)
  2 rats (D:1)
10 creatures vanquished.

Notes
Turn   | Place    | Note
-------+----------+-------------------------------------------
     0 | D:1      | nshep25 the Demonspawn Gladiator began the quest for the
                  | Orb.
     0 | D:1      | Reached XP level 1. HP: 16/16 MP: 1/1
   101 | D:1      | Gained mutation: You have sharp fingernails. [demonic
                  | ancestry]
   101 | D:1      | Reached XP level 2. HP: 1/22 MP: 2/2
   103 | D:1      | Hit by a stone thrown by a kobold

Illustrated notes

Levels and vault maps discovered:
D:1:      giann_forest_graveyard, layout_basic, ebering_ecumenical_altar_hall,
          minmay_pentomino_x2

Action                   || total
-------------------------++-------
Melee: Quarterstaff      ||    18
Armor: Leather armour    ||     7
Dodge: Dodged            ||    15
